Vegas Golden Knights vs St.Louis Blues
(R1)
Created - Wednesday, May 10, 2023 at 07:10
Goals
|
| Vegas Golden Knights |
0 |
1 |
0 |
1 |
| St.Louis Blues |
2 |
1 |
1 |
4 |
|
Shots
|
| Vegas Golden Knights |
6 |
9 |
4 |
19 |
| St.Louis Blues |
6 |
11 |
8 |
25 |
|
1st period
1. St.Louis Blues , Joe Pavelski 11 (Alex DeBrincat 20, Evander Kane 15) at 1:51 (PP)
2. St.Louis Blues , Elias Pettersson 23 (Alex Tuch 14, Ondrej Kase 8) at 12:24
Penalties :
Tom Wilson (VGK) for Hooking (Minor) at 1:25, Colton Parayko (STL) for High sticking (Minor) at 4:45, Alex Pietrangelo (STL) for Roughing (Minor) at 14:08, Adam Pelech (STL) for Interference (Minor) at 14:23, Vladislav Namestnikov (VGK) for Holding (Minor) at 16:30
2nd period
3. Vegas Golden Knights , Tom Wilson 23 (Artemi Panarin 39, Rickard Rakell 21) at 7:04
4. St.Louis Blues , Robert Thomas 13 (Alex DeBrincat 21, Jonas Brodin 4) at 16:25
Penalties :
Anthony Cirelli (VGK) for Slashing (Minor) at 1:46, Andrew Peeke (VGK) for Cross-checking (Minor) at 12:00, Anthony Cirelli (VGK) for Hooking (Minor) at 19:05
3rd period
5. St.Louis Blues , Jack Eichel 9 (Evander Kane 16, Joe Pavelski 23) at 5:41
Penalties :
Tom Wilson (VGK) for High sticking (Minor) at 9:37, Alex Pietrangelo (STL) for Holding (Minor) at 17:50
Goalie Stats
Casey DeSmith (VGK), 21 saves from 25 shots - (0.840), L, 12-10-5, 60:00 minutes
Frederik Andersen (STL), 18 saves from 19 shots - (0.947), W, 18-11-1, 60:00 minutes
Players Stats for Vegas Golden Knights
Player Name G A P +/- PIM S H SB GA TA FO MP PP MP PK MP
------------------------------------------------------------------------------------
Andreas Johnsson 0 0 0 -2 0 2 1 0 0 0 0/1 11:36 2:40 0:00
Andrew Peeke 0 0 0 -1 2 0 0 1 0 0 0/0 20:14 0:00 5:26
Anthony Cirelli 0 0 0 -1 4 0 0 0 0 0 7/14 18:55 1:59 2:02
Artemi Panarin 0 1 1 -1 0 4 0 2 2 0 0/2 19:56 3:29 0:49
Brian Dumoulin 0 0 0 0 0 3 0 2 0 1 0/0 21:33 0:00 3:27
Colin White 0 0 0 0 0 0 0 1 0 0 0/1 2:00 1:02 0:00
Jaden Schwartz 0 0 0 0 0 1 1 0 0 0 0/0 17:23 3:39 1:51
John Marino 0 0 0 0 0 0 2 0 0 0 0/0 22:05 2:33 0:59
Jonathan Drouin 0 0 0 0 0 1 0 0 0 0 0/1 2:42 0:00 0:00
Jordan Staal 0 0 0 0 0 1 1 3 0 1 20/28 21:18 0:00 5:31
Marc Staal 0 0 0 -1 0 1 1 4 0 0 0/0 21:43 0:00 6:54
Marc-Edouard Vlasic 0 0 0 -1 0 1 1 0 0 0 0/0 14:07 0:00 3:27
P.K. Subban 0 0 0 -1 0 0 0 1 0 2 0/0 14:39 3:39 0:29
Rickard Rakell 0 1 1 0 0 1 2 1 3 1 0/2 19:31 2:24 0:27
Tom Wilson 1 0 1 0 4 3 2 0 0 0 0/0 20:46 3:29 4:14
Victor Olofsson 0 0 0 -2 0 0 0 0 0 0 0/0 12:22 2:46 0:00
Vladislav Namestnikov 0 0 0 0 2 0 2 0 0 1 1/3 14:51 2:24 3:08
Zach Parise 0 0 0 0 0 1 2 0 0 0 0/0 13:52 0:56 2:40
Players Stats for St.Louis Blues
Player Name G A P +/- PIM S H SB GA TA FO MP PP MP PK MP
------------------------------------------------------------------------------------
Adam Pelech 0 0 0 1 2 0 2 2 0 0 0/0 14:15 0:00 2:23
Alex DeBrincat 0 2 2 1 0 4 1 0 0 0 1/3 15:42 4:15 0:00
Alex Pietrangelo 0 0 0 1 4 0 2 1 0 0 0/0 22:08 3:04 0:48
Alex Tuch 0 1 1 0 0 2 2 2 0 0 2/4 18:58 5:28 0:00
Colton Parayko 0 0 0 1 2 0 1 0 2 2 0/0 21:01 0:00 2:40
Danny DeKeyser 0 0 0 1 0 1 1 0 0 0 0/0 15:08 0:00 3:16
Elias Pettersson 1 0 1 0 0 4 2 2 1 0 6/19 20:11 5:43 0:58
Evander Kane 0 2 2 1 0 2 4 0 0 0 1/1 13:19 4:46 0:00
Frederick Gaudreau 0 0 0 0 0 1 0 0 0 0 6/8 12:50 0:07 3:19
Jack Eichel 1 0 1 1 0 1 0 0 2 0 0/2 9:35 0:34 0:00
Jake Guentzel 0 0 0 0 0 1 3 0 1 0 1/1 20:53 7:17 0:00
Jimmy Vesey 0 0 0 0 0 0 0 0 0 0 0/0 11:43 0:19 2:21
Joe Pavelski 1 1 2 1 0 2 1 1 0 0 0/2 13:19 4:46 0:00
Jonas Brodin 0 1 1 0 0 0 0 0 0 2 0/0 16:33 0:00 3:16
Morgan Rielly 0 0 0 0 0 1 1 3 0 0 0/0 20:48 7:17 0:00
Ondrej Kase 0 1 1 0 0 1 1 1 0 0 0/0 10:32 0:00 1:09
Robert Thomas 1 0 1 1 0 2 2 0 0 1 5/9 18:47 5:05 1:42
Tage Thompson 0 0 0 1 0 3 2 0 0 0 2/3 16:18 3:04 1:11
3 Stars
1 - Joe Pavelski (STL)
2 - Evander Kane (STL)
3 - Robert Thomas (STL)
Power Play
Vegas Golden Knights - 0 on 4 Attempt(s) - 0.00%
St.Louis Blues - 1 on 6 Attempt(s) - 16.67%
Penalty Kill
Vegas Golden Knights - 5 on 6 Attempt(s) - 83.33%
- Score 0 goal in Penalty Kill
St.Louis Blues - 4 on 4 Attempt(s) - 100.00%
- Score 0 goal in Penalty Kill
Team Stat
Vegas Golden Knights - Hits : 15 - Faceoff Wins : 28 - Blocked Shots : 15 - Penalty Minutes : 12
St.Louis Blues - Hits : 25 - Faceoff Wins : 24 - Blocked Shots : 12 - Penalty Minutes : 8
Official
Referees : Garrett Rank and Kelly Sutherland
Linesman : Don Henderson and Mike Cvik
Game Notes
Colin White is injured at 9:52 of 1st period (Sprained Left Knee)
Jonathan Drouin is injured at 13:30 of 1st period (Sprained Left Ankle)
Finance
Level 1 -- Attendance: 5969 (99.48%) -- Ticket Income $578,993
Level 2 -- Attendance: 4855 (97.10%) -- Ticket Income $276,735
Level 3 -- Attendance: 2839 (94.63%) -- Ticket Income $96,526
Level 4 -- Attendance: 4675 (93.50%) -- Ticket Income $107,525
Luxury Box -- Attendance: 935 (93.50%) -- Ticket Income $181,390
Game was played at the Scottrade Center.
Total Attendance: 19273 (96.37%)
Total Ticket Income: $1,241,169
Other Income: $434,409
Total Income: $1,675,578
Vegas Golden Knights
5 vs 5 Forward
Center Left Wing Right Wing Time % Phy DF OF
1 Jordan Staal Artemi Panarin Tom Wilson 40 1 2 2
2 Anthony Cirelli Jaden Schwartz Rickard Rakell 30 1 2 2
3 Vladislav Namestnikov Zach Parise Jonathan Drouin 20 1 2 2
4 Colin White Andreas Johnsson Victor Olofsson 10 1 2 2
5 vs 5 Defense
Defense Defense Time % Phy DF OF
1 Brian Dumoulin John Marino 40 1 2 2
2 Marc Staal Andrew Peeke 30 1 2 2
3 Marc-Edouard Vlasic P.K. Subban 20 1 2 2
4 Brian Dumoulin John Marino 10 1 2 2
PowerPlay Forward
Center Left Wing Right Wing Time % Phy DF OF
1 Colin White Artemi Panarin Tom Wilson 60 1 2 2
2 Vladislav Namestnikov Andreas Johnsson Rickard Rakell 40 1 2 2
PowerPlay Defense
Defense Defense Time % Phy DF OF
1 Jaden Schwartz P.K. Subban 60 1 2 2
2 Victor Olofsson John Marino 40 1 2 2
Penalty Kill 4 Players Forward
Center Wing Time % Phy DF OF
1 Jordan Staal Tom Wilson 60 1 2 2
2 Anthony Cirelli Zach Parise 40 1 2 2
Penalty Kill 4 Players Defense
Defense Defense Time % Phy DF OF
1 Marc Staal Andrew Peeke 60 1 2 2
2 Marc-Edouard Vlasic Brian Dumoulin 40 1 2 2
Penalty Kill - 3 Players Forward
Forward Time % Phy DF OF
1 Anthony Cirelli 60 1 2 2
2 Zach Parise 40 1 2 2
Penalty Kill - 3 Players Defense
Defense Defense Time % Phy DF OF
1 Marc Staal Andrew Peeke 60 1 2 2
2 Marc-Edouard Vlasic Brian Dumoulin 40 1 2 2
4 vs 4 Forward
Center Wing Time % Phy DF OF
1 Jordan Staal Artemi Panarin 60 1 2 2
2 Anthony Cirelli Tom Wilson 40 1 2 2
4 vs 4 Defense
Defense Defense Time % Phy DF OF
1 Marc Staal Andrew Peeke 60 1 2 2
2 Brian Dumoulin John Marino 40 1 2 2
Last Minutes Offensive
Center Left Wing Right Wing Defense Defense
Jordan Staal Artemi Panarin Tom Wilson Brian Dumoulin John Marino
Last Minutes Defensive
Center Left Wing Right Wing Defense Defense
Jordan Staal Zach Parise Tom Wilson Brian Dumoulin Andrew Peeke
Goaltenders
Starting : Casey DeSmith
Backup : Philipp Grubauer
Extra Forwards
Normal : Rickard Rakell, Artemi Panarin, Jordan Staal - PP : Anthony Cirelli, Zach Parise - PK : Vladislav Namestnikov
Extra Defensemen
Normal : Marc Staal, John Marino, Brian Dumoulin - PP : Marc Staal - PK : John Marino, P.K. Subban
Penalty Shots
Artemi Panarin, Rickard Rakell, Andreas Johnsson, Anthony Cirelli, Victor Olofsson
St.Louis Blues
5 vs 5 Forward
Center Left Wing Right Wing Time % Phy DF OF
1 Elias Pettersson Alex Tuch Jake Guentzel 40 0 2 3
2 Robert Thomas Alex DeBrincat Tage Thompson 30 0 2 3
3 Jack Eichel Evander Kane Joe Pavelski 20 1 2 2
4 Frederick Gaudreau Jimmy Vesey Ondrej Kase 10 1 3 1
5 vs 5 Defense
Defense Defense Time % Phy DF OF
1 Alex Pietrangelo Colton Parayko 40 1 2 2
2 Morgan Rielly Jonas Brodin 30 1 2 2
3 Danny DeKeyser Adam Pelech 20 1 2 2
4 Alex Pietrangelo Colton Parayko 10 1 2 2
PowerPlay Forward
Center Left Wing Right Wing Time % Phy DF OF
1 Robert Thomas Alex Tuch Elias Pettersson 60 1 0 4
2 Joe Pavelski Alex DeBrincat Evander Kane 40 1 0 4
PowerPlay Defense
Defense Defense Time % Phy DF OF
1 Morgan Rielly Jake Guentzel 60 0 1 4
2 Tage Thompson Alex Pietrangelo 40 0 1 4
Penalty Kill 4 Players Forward
Center Wing Time % Phy DF OF
1 Frederick Gaudreau Jimmy Vesey 60 1 4 0
2 Robert Thomas Ondrej Kase 40 1 4 0
Penalty Kill 4 Players Defense
Defense Defense Time % Phy DF OF
1 Adam Pelech Danny DeKeyser 60 2 3 0
2 Jonas Brodin Colton Parayko 40 2 3 0
Penalty Kill - 3 Players Forward
Forward Time % Phy DF OF
1 Frederick Gaudreau 60 0 5 0
2 Robert Thomas 40 0 5 0
Penalty Kill - 3 Players Defense
Defense Defense Time % Phy DF OF
1 Adam Pelech Danny DeKeyser 60 1 4 0
2 Jonas Brodin Colton Parayko 40 1 4 0
4 vs 4 Forward
Center Wing Time % Phy DF OF
1 Elias Pettersson Jake Guentzel 60 0 2 3
2 Robert Thomas Alex Tuch 40 0 2 3
4 vs 4 Defense
Defense Defense Time % Phy DF OF
1 Alex Pietrangelo Colton Parayko 60 0 3 2
2 Morgan Rielly Jonas Brodin 40 0 3 2
Last Minutes Offensive
Center Left Wing Right Wing Defense Defense
Robert Thomas Elias Pettersson Alex Tuch Morgan Rielly Jake Guentzel
Last Minutes Defensive
Center Left Wing Right Wing Defense Defense
Frederick Gaudreau Jimmy Vesey Ondrej Kase Colton Parayko Alex Pietrangelo
Goaltenders
Starting : Frederik Andersen
Backup : Scott Wedgewood
Extra Forwards
Normal : Tage Thompson, Evander Kane, Frederick Gaudreau - PP : Alex DeBrincat, Jack Eichel - PK : Tage Thompson
Extra Defensemen
Normal : Morgan Rielly, Colton Parayko, Adam Pelech - PP : Colton Parayko - PK : Colton Parayko, Alex Pietrangelo
Penalty Shots
Alex DeBrincat, Joe Pavelski, Tage Thompson, Elias Pettersson, Robert Thomas
% Time on Ice - Vegas Golden Knights
Lines # - Real PCT - Wanted PCT - Time Play
Normal Forward
1 - 30% - 40% - 12:55
2 - 27% - 30% - 11:43
3 - 24% - 20% - 10:27
4 - 19% - 10% - 8:22
Normal Defense
1 - 43% - 40% - 18:40
2 - 31% - 30% - 13:16
3 - 24% - 20% - 10:24
4 - 3% - 10% - 1:07
PP Forward
1 - 61% - 60% - 3:48
2 - 39% - 40% - 2:24
PP Defense
1 - 59% - 60% - 3:39
2 - 41% - 40% - 2:33
PK Forward
1 - 74% - 60% - 7:41
2 - 26% - 40% - 2:40
PK Defense
1 - 67% - 60% - 6:54
2 - 33% - 40% - 3:27
PK3 Forward
1 - 0% - 60%
2 - 0% - 40%
PK3 Defense
1 - 0% - 60%
2 - 0% - 40%
44 Forward
1 - 0% - 60%
2 - 0% - 40%
44 Defense
1 - 0% - 60%
2 - 0% - 40%
Last Minute Offensive - 0:00
Last Minute Defensive - 0:00
Total
Forward - 60:00
Defense - 60:00
|
% Time on Ice - St.Louis Blues
Lines # - Real PCT - Wanted PCT - Time Play
Normal Forward
1 - 33% - 40% - 14:10
2 - 29% - 30% - 12:27
3 - 19% - 20% - 8:27
4 - 19% - 10% - 8:23
Normal Defense
1 - 41% - 40% - 17:59
2 - 31% - 30% - 13:35
3 - 25% - 20% - 10:42
4 - 3% - 10% - 1:11
PP Forward
1 - 54% - 60% - 5:35
2 - 46% - 40% - 4:46
PP Defense
1 - 70% - 60% - 7:17
2 - 30% - 40% - 3:04
PK Forward
1 - 74% - 60% - 3:19
2 - 26% - 40% - 1:09
PK Defense
1 - 59% - 60% - 2:39
2 - 41% - 40% - 1:49
PK3 Forward
1 - 68% - 60% - 1:11
2 - 32% - 40% - 0:33
PK3 Defense
1 - 100% - 60% - 1:44
2 - 0% - 40% - 0:00
44 Forward
1 - 0% - 60%
2 - 0% - 40%
44 Defense
1 - 0% - 60%
2 - 0% - 40%
Last Minute Offensive - 0:00
Last Minute Defensive - 0:00
Total
Forward - 60:00
Defense - 60:00
|
Play-by-Play
1st period
0:01 of 1st period - Jordan Staal wins face-off versus Elias Pettersson in neutral zone.
0:10 of 1st period - Slapshot by Artemi Panarin.
0:10 of 1st period - Stopped by Frederik Andersen without a rebound.
0:11 of 1st period - Anthony Cirelli wins face-off versus Alex DeBrincat in St.Louis Blues zone.
0:28 of 1st period - Off-side.
0:29 of 1st period - Evander Kane wins face-off versus Jonathan Drouin in neutral zone.
1:02 of 1st period - Off-side.
1:03 of 1st period - Jordan Staal wins face-off versus Frederick Gaudreau in neutral zone.
1:08 of 1st period - Ondrej Kase is hit by Tom Wilson and loses puck.
1:25 of 1st period - Minor Penalty to Tom Wilson for Hooking.
1:26 of 1st period - Jordan Staal wins face-off versus Robert Thomas in Vegas Golden Knights zone.
1:39 of 1st period - Slapshot by Vladislav Namestnikov.
1:39 of 1st period - Shot Blocked by Alex Tuch.
1:41 of 1st period - Snap shot by Jordan Staal.
1:41 of 1st period - Stopped by Frederik Andersen without a rebound.
1:42 of 1st period - Jordan Staal wins face-off versus Joe Pavelski in St.Louis Blues zone.
1:49 of 1st period - Snap shot by Alex DeBrincat.
1:49 of 1st period - Stopped by Casey DeSmith with a rebound.
1:51 of 1st period - Snap shot by Joe Pavelski.
1:51 of 1st period - Goal by Joe Pavelski - Vegas Golden Knights : 0 - St.Louis Blues : 1.
1:52 of 1st period - Anthony Cirelli wins face-off versus Alex Tuch in neutral zone.
3:46 of 1st period - Snap shot by Ondrej Kase.
3:46 of 1st period - Stopped by Casey DeSmith with a rebound.
3:56 of 1st period - Rickard Rakell is hit by Ondrej Kase and loses puck.
4:11 of 1st period - Wrist shot by Frederick Gaudreau.
4:11 of 1st period - Deflect By Ondrej Kase.
4:11 of 1st period - Shot Misses the Net.
4:11 of 1st period - Puck is out of play.
4:12 of 1st period - Alex Tuch wins face-off versus Jordan Staal in Vegas Golden Knights zone.
4:25 of 1st period - Wrist shot by Elias Pettersson.
4:25 of 1st period - Shot Hit the Post.
4:27 of 1st period - Snap shot by Jonas Brodin.
4:27 of 1st period - Shot Blocked by Jordan Staal.
4:29 of 1st period - Slapshot by Morgan Rielly.
4:29 of 1st period - Stopped by Casey DeSmith without a rebound.
4:30 of 1st period - Vladislav Namestnikov wins face-off versus Robert Thomas in Vegas Golden Knights zone.
4:30 of 1st period - Vladislav Namestnikov is hit by Alex DeBrincat.
4:45 of 1st period - Minor Penalty to Colton Parayko for High sticking.
4:46 of 1st period - Frederick Gaudreau wins face-off versus Colin White in St.Louis Blues zone.
6:45 of 1st period - Penalty to Colton Parayko is over, Colton Parayko is back on ice.
7:01 of 1st period - Snap shot by Robert Thomas.
7:01 of 1st period - Shot Blocked by Andrew Peeke.
7:30 of 1st period - Wrist shot by Zach Parise.
7:30 of 1st period - Shot Misses the Net.
7:32 of 1st period - Slapshot by Marc Staal.
7:32 of 1st period - Shot Blocked by Ondrej Kase.
7:44 of 1st period - Snap shot by Jonathan Drouin.
7:44 of 1st period - Stopped by Frederik Andersen without a rebound.
7:45 of 1st period - Anthony Cirelli wins face-off versus Elias Pettersson in St.Louis Blues zone.
7:56 of 1st period - Jaden Schwartz is hit by Elias Pettersson.
8:25 of 1st period - Slapshot by Evander Kane.
8:25 of 1st period - Shot Blocked by Brian Dumoulin.
9:39 of 1st period - Ondrej Kase is hit by Vladislav Namestnikov and loses puck.
9:52 of 1st period - Wrist shot by Elias Pettersson.
9:52 of 1st period - Shot Blocked by Colin White.
9:52 of 1st period - Colin White from Vegas Golden Knights is injured at 9:52 of 1st period (Sprained Left Knee).
9:53 of 1st period - Jordan Staal wins face-off versus Elias Pettersson in Vegas Golden Knights zone.
10:32 of 1st period - Wrist shot by Rickard Rakell.
10:32 of 1st period - Deflect By Alex Tuch.
10:32 of 1st period - Shot Blocked by Elias Pettersson.
10:32 of 1st period - Puck is out of play.
10:33 of 1st period - Jordan Staal wins face-off versus Tage Thompson in St.Louis Blues zone.
10:42 of 1st period - Wrist shot by Artemi Panarin.
10:42 of 1st period - Shot Misses the Net.
11:05 of 1st period - Jaden Schwartz is hit by Danny DeKeyser and loses puck.
11:24 of 1st period - Vladislav Namestnikov is hit by Alex Tuch and loses puck.
11:43 of 1st period - P.K. Subban is hit by Adam Pelech and loses puck.
12:24 of 1st period - Snap shot by Alex Tuch.
12:24 of 1st period - Deflect By Elias Pettersson.
12:24 of 1st period - Goal by Elias Pettersson - Vegas Golden Knights : 0 - St.Louis Blues : 2.
12:25 of 1st period - Jordan Staal wins face-off versus Elias Pettersson in neutral zone.
12:36 of 1st period - Wrist shot by Tom Wilson.
12:36 of 1st period - Stopped by Frederik Andersen without a rebound.
12:37 of 1st period - Jordan Staal wins face-off versus Elias Pettersson in St.Louis Blues zone.
13:18 of 1st period - Alex DeBrincat is hit by Jaden Schwartz and loses puck.
13:29 of 1st period - Jonathan Drouin is hit by Evander Kane.
13:30 of 1st period - Jonathan Drouin from Vegas Golden Knights is injured at 13:30 of 1st period (Sprained Left Ankle).
13:31 of 1st period - Elias Pettersson wins face-off versus Jordan Staal in Vegas Golden Knights zone.
13:41 of 1st period - Icing by Artemi Panarin.
13:42 of 1st period - Elias Pettersson wins face-off versus Artemi Panarin in Vegas Golden Knights zone.
13:45 of 1st period - Wrist shot by Elias Pettersson.
13:45 of 1st period - Shot Misses the Net.
14:05 of 1st period - Wrist shot by Artemi Panarin.
14:05 of 1st period - Deflect By Tom Wilson.
14:05 of 1st period - Shot Misses the Net.
14:05 of 1st period - Puck is out of play.
14:06 of 1st period - Alex DeBrincat wins face-off versus Anthony Cirelli in St.Louis Blues zone.
14:08 of 1st period - Minor Penalty to Alex Pietrangelo for Roughing.
14:09 of 1st period - Frederick Gaudreau wins face-off versus Anthony Cirelli in St.Louis Blues zone.
14:20 of 1st period - Off-side.
14:21 of 1st period - Frederick Gaudreau wins face-off versus Anthony Cirelli in neutral zone.
14:23 of 1st period - Minor Penalty to Adam Pelech for Interference.
14:24 of 1st period - Anthony Cirelli wins face-off versus Frederick Gaudreau in St.Louis Blues zone.
14:32 of 1st period - Snap shot by Artemi Panarin.
14:32 of 1st period - Shot Misses the Net.
14:34 of 1st period - Slapshot by Jaden Schwartz.
14:34 of 1st period - Stopped by Frederik Andersen with a rebound.
15:21 of 1st period - Wrist shot by Rickard Rakell.
15:21 of 1st period - Stopped by Frederik Andersen without a rebound.
15:22 of 1st period - Tage Thompson wins face-off versus Vladislav Namestnikov in St.Louis Blues zone.
15:33 of 1st period - Frederick Gaudreau is hit by Andreas Johnsson and loses puck.
16:08 of 1st period - Penalty to Alex Pietrangelo is over, Alex Pietrangelo is back on ice.
16:23 of 1st period - Penalty to Adam Pelech is over, Adam Pelech is back on ice.
16:28 of 1st period - Snap shot by Jake Guentzel.
16:28 of 1st period - Stopped by Casey DeSmith with a rebound.
16:30 of 1st period - Minor Penalty to Vladislav Namestnikov for Holding.
16:31 of 1st period - Robert Thomas wins face-off versus Jordan Staal in Vegas Golden Knights zone.
17:07 of 1st period - Backhand shot by Alex Tuch.
17:07 of 1st period - Shot Blocked by Marc Staal.
17:09 of 1st period - Wrist shot by Evander Kane.
17:09 of 1st period - Shot Blocked by Marc Staal.
17:41 of 1st period - Alex Pietrangelo is hit by Tom Wilson and loses puck.
17:58 of 1st period - Marc-Edouard Vlasic is hit by Evander Kane and loses puck.
18:30 of 1st period - Penalty to Vladislav Namestnikov is over, Vladislav Namestnikov is back on ice.
18:33 of 1st period - Andrew Peeke is hit by Adam Pelech and loses puck.
19:50 of 1st period - Jordan Staal is hit by Joe Pavelski and loses puck.
Goals for this period are 0 for Vegas Golden Knights vs 2 for St.Louis Blues.
Shots for this period are 6 for Vegas Golden Knights vs 6 for St.Louis Blues.
2nd period
0:01 of 2nd period - Jordan Staal wins face-off versus Elias Pettersson in neutral zone.
0:49 of 2nd period - Slapshot by Zach Parise.
0:49 of 2nd period - Stopped by Frederik Andersen with a rebound.
0:51 of 2nd period - Snap shot by Zach Parise.
0:51 of 2nd period - Shot Misses the Net.
0:53 of 2nd period - Snap shot by Artemi Panarin.
0:53 of 2nd period - Shot Blocked by Joe Pavelski.
0:55 of 2nd period - Slapshot by P.K. Subban.
0:55 of 2nd period - Shot Misses the Net.
0:57 of 2nd period - Wrist shot by Zach Parise.
0:57 of 2nd period - Shot Blocked by Morgan Rielly.
1:11 of 2nd period - Off-side.
1:12 of 2nd period - Frederick Gaudreau wins face-off versus Anthony Cirelli in neutral zone.
1:12 of 2nd period - Frederick Gaudreau is hit by John Marino.
1:23 of 2nd period - Icing by Brian Dumoulin.
1:24 of 2nd period - Alex Tuch wins face-off versus Rickard Rakell in Vegas Golden Knights zone.
1:33 of 2nd period - Rickard Rakell is hit by Alex Tuch and loses puck.
1:46 of 2nd period - Minor Penalty to Anthony Cirelli for Slashing.
1:47 of 2nd period - Robert Thomas wins face-off versus Jordan Staal in Vegas Golden Knights zone.
2:21 of 2nd period - Snap shot by Alex DeBrincat.
2:21 of 2nd period - Shot Misses the Net.
3:46 of 2nd period - Penalty to Anthony Cirelli is over, Anthony Cirelli is back on ice.
4:36 of 2nd period - Elias Pettersson is hit by Vladislav Namestnikov and loses puck.
4:43 of 2nd period - Jake Guentzel is hit by Zach Parise.
5:03 of 2nd period - Jordan Staal is hit by Tage Thompson and loses puck.
5:24 of 2nd period - Morgan Rielly is hit by Jordan Staal and loses puck.
6:18 of 2nd period - Andrew Peeke is hit by Colton Parayko and loses puck.
6:34 of 2nd period - Icing by Colton Parayko.
6:35 of 2nd period - Tage Thompson wins face-off versus Rickard Rakell in St.Louis Blues zone.
7:04 of 2nd period - Wrist shot by Tom Wilson.
7:04 of 2nd period - Goal by Tom Wilson - Vegas Golden Knights : 1 - St.Louis Blues : 2.
7:05 of 2nd period - Jake Guentzel wins face-off versus Jordan Staal in neutral zone.
7:22 of 2nd period - Wrist shot by Artemi Panarin.
7:22 of 2nd period - Shot Blocked by Morgan Rielly.
7:32 of 2nd period - Andrew Peeke is hit by Robert Thomas and loses puck.
7:43 of 2nd period - Wrist shot by Tage Thompson.
7:43 of 2nd period - Deflect By Robert Thomas.
7:43 of 2nd period - Stopped by Casey DeSmith without a rebound.
7:44 of 2nd period - Elias Pettersson wins face-off versus Artemi Panarin in Vegas Golden Knights zone.
7:49 of 2nd period - Slapshot by Alex Tuch.
7:49 of 2nd period - Shot Hit the Post.
7:51 of 2nd period - Snap shot by Alex Tuch.
7:51 of 2nd period - Stopped by Casey DeSmith with a rebound.
7:53 of 2nd period - Wrist shot by Elias Pettersson.
7:53 of 2nd period - Shot Misses the Net.
7:55 of 2nd period - Snap shot by Elias Pettersson.
7:55 of 2nd period - Stopped by Casey DeSmith with a rebound.
7:57 of 2nd period - Wrist shot by Jake Guentzel.
7:57 of 2nd period - Shot Blocked by Artemi Panarin.
8:09 of 2nd period - Alex Pietrangelo is hit by Rickard Rakell and loses puck.
8:52 of 2nd period - Snap shot by Andreas Johnsson.
8:52 of 2nd period - Stopped by Frederik Andersen without a rebound.
8:53 of 2nd period - Jordan Staal wins face-off versus Elias Pettersson in St.Louis Blues zone.
8:56 of 2nd period - Slapshot by Victor Olofsson.
8:56 of 2nd period - Shot Misses the Net.
8:58 of 2nd period - Wrist shot by Jordan Staal.
8:58 of 2nd period - Shot Blocked by Alex Tuch.
9:00 of 2nd period - Snap shot by Marc Staal.
9:00 of 2nd period - Shot Blocked by Adam Pelech.
9:02 of 2nd period - Slapshot by Marc Staal.
9:02 of 2nd period - Deflect By Alex Tuch.
9:02 of 2nd period - Stopped by Frederik Andersen with a rebound.
9:04 of 2nd period - Wrist shot by Andreas Johnsson.
9:04 of 2nd period - Shot Misses the Net.
9:26 of 2nd period - Marc Staal is hit by Robert Thomas and loses puck.
11:25 of 2nd period - Wrist shot by Vladislav Namestnikov.
11:25 of 2nd period - Shot Misses the Net.
11:45 of 2nd period - Wrist shot by Victor Olofsson.
11:45 of 2nd period - Shot Misses the Net.
12:00 of 2nd period - Minor Penalty to Andrew Peeke for Cross-checking.
12:01 of 2nd period - Jordan Staal wins face-off versus Robert Thomas in Vegas Golden Knights zone.
12:33 of 2nd period - Jordan Staal is hit by Evander Kane and loses puck.
12:38 of 2nd period - Wrist shot by Joe Pavelski.
12:38 of 2nd period - Shot Misses the Net.
12:40 of 2nd period - Snap shot by Alex DeBrincat.
12:40 of 2nd period - Deflect By Evander Kane.
12:40 of 2nd period - Stopped by Casey DeSmith with a rebound.
12:42 of 2nd period - Wrist shot by Alex DeBrincat.
12:42 of 2nd period - Deflect By Joe Pavelski.
12:42 of 2nd period - Shot Blocked by Jordan Staal.
12:42 of 2nd period - Puck is out of play.
12:43 of 2nd period - Anthony Cirelli wins face-off versus Joe Pavelski in Vegas Golden Knights zone.
12:56 of 2nd period - Slapshot by Alex DeBrincat.
12:56 of 2nd period - Stopped by Casey DeSmith with a rebound.
12:58 of 2nd period - Snap shot by Joe Pavelski.
12:58 of 2nd period - Shot Misses the Net.
13:29 of 2nd period - Morgan Rielly is hit by John Marino and loses puck.
14:00 of 2nd period - Penalty to Andrew Peeke is over, Andrew Peeke is back on ice.
14:06 of 2nd period - Slapshot by Frederick Gaudreau.
14:06 of 2nd period - Stopped by Casey DeSmith without a rebound.
14:07 of 2nd period - Frederick Gaudreau wins face-off versus Andreas Johnsson in Vegas Golden Knights zone.
14:22 of 2nd period - Slapshot by Andreas Johnsson.
14:22 of 2nd period - Stopped by Frederik Andersen without a rebound.
14:23 of 2nd period - Jordan Staal wins face-off versus Elias Pettersson in St.Louis Blues zone.
14:26 of 2nd period - Wrist shot by Artemi Panarin.
14:26 of 2nd period - Stopped by Frederik Andersen without a rebound.
14:27 of 2nd period - Elias Pettersson wins face-off versus Jordan Staal in St.Louis Blues zone.
14:32 of 2nd period - Snap shot by Artemi Panarin.
14:32 of 2nd period - Stopped by Frederik Andersen with a rebound.
14:34 of 2nd period - Snap shot by Brian Dumoulin.
14:34 of 2nd period - Deflect By Jake Guentzel.
14:34 of 2nd period - Stopped by Frederik Andersen with a rebound.
14:36 of 2nd period - Wrist shot by Tom Wilson.
14:36 of 2nd period - Stopped by Frederik Andersen without a rebound.
14:37 of 2nd period - Jordan Staal wins face-off versus Elias Pettersson in St.Louis Blues zone.
14:42 of 2nd period - Slapshot by Jordan Staal.
14:42 of 2nd period - Shot Hit the Post.
14:54 of 2nd period - Wrist shot by Elias Pettersson.
14:54 of 2nd period - Shot Blocked by Marc Staal.
16:25 of 2nd period - Wrist shot by Robert Thomas.
16:25 of 2nd period - Goal by Robert Thomas - Vegas Golden Knights : 1 - St.Louis Blues : 3.
16:26 of 2nd period - Jordan Staal wins face-off versus Elias Pettersson in neutral zone.
16:32 of 2nd period - Icing by Alex Tuch.
16:33 of 2nd period - Jordan Staal wins face-off versus Alex Tuch in St.Louis Blues zone.
16:58 of 2nd period - Snap shot by Elias Pettersson.
16:58 of 2nd period - Stopped by Casey DeSmith with a rebound.
17:10 of 2nd period - Snap shot by Jake Guentzel.
17:10 of 2nd period - Deflect By Alex Tuch.
17:10 of 2nd period - Stopped by Casey DeSmith with a rebound.
17:12 of 2nd period - Snap shot by Jonas Brodin.
17:12 of 2nd period - Deflect By Elias Pettersson.
17:12 of 2nd period - Stopped by Casey DeSmith without a rebound.
17:13 of 2nd period - Anthony Cirelli wins face-off versus Alex DeBrincat in Vegas Golden Knights zone.
17:55 of 2nd period - Snap shot by Alex DeBrincat.
17:55 of 2nd period - Shot Misses the Net.
18:15 of 2nd period - Snap shot by Alex DeBrincat.
18:15 of 2nd period - Stopped by Casey DeSmith with a rebound.
18:21 of 2nd period - Wrist shot by Alex DeBrincat.
18:21 of 2nd period - Shot Misses the Net.
19:05 of 2nd period - Minor Penalty to Anthony Cirelli for Hooking.
19:06 of 2nd period - Jordan Staal wins face-off versus Jack Eichel in Vegas Golden Knights zone.
Goals for this period are 1 for Vegas Golden Knights vs 1 for St.Louis Blues.
Shots for this period are 9 for Vegas Golden Knights vs 11 for St.Louis Blues.
3rd period
0:01 of 3rd period - Robert Thomas wins face-off versus Jordan Staal in neutral zone.
1:05 of 3rd period - Penalty to Anthony Cirelli is over, Anthony Cirelli is back on ice.
1:12 of 3rd period - Snap shot by Anthony Cirelli.
1:12 of 3rd period - Shot Blocked by Alex Pietrangelo.
1:14 of 3rd period - Slapshot by Rickard Rakell.
1:14 of 3rd period - Shot Misses the Net.
1:20 of 3rd period - Slapshot by Tage Thompson.
1:20 of 3rd period - Stopped by Casey DeSmith without a rebound.
1:21 of 3rd period - Jordan Staal wins face-off versus Elias Pettersson in Vegas Golden Knights zone.
1:21 of 3rd period - Jordan Staal is hit by Morgan Rielly.
1:29 of 3rd period - Slapshot by Tom Wilson.
1:29 of 3rd period - Shot Blocked by Morgan Rielly.
2:28 of 3rd period - Victor Olofsson is hit by Alex Pietrangelo.
2:54 of 3rd period - Wrist shot by Victor Olofsson.
2:54 of 3rd period - Shot Blocked by Adam Pelech.
3:09 of 3rd period - Icing by Jaden Schwartz.
3:10 of 3rd period - Anthony Cirelli wins face-off versus Jack Eichel in Vegas Golden Knights zone.
3:15 of 3rd period - Wrist shot by Rickard Rakell.
3:15 of 3rd period - Shot Misses the Net.
3:17 of 3rd period - Backhand shot by Marc-Edouard Vlasic.
3:17 of 3rd period - Deflect By Evander Kane.
3:17 of 3rd period - Stopped by Frederik Andersen with a rebound.
3:37 of 3rd period - Slapshot by Elias Pettersson.
3:37 of 3rd period - Shot Blocked by Jordan Staal.
3:39 of 3rd period - Wrist shot by Jake Guentzel.
3:39 of 3rd period - Deflect By Elias Pettersson.
3:39 of 3rd period - Shot Blocked by Brian Dumoulin.
3:39 of 3rd period - Puck is out of play.
3:40 of 3rd period - Jordan Staal wins face-off versus Elias Pettersson in Vegas Golden Knights zone.
5:01 of 3rd period - Snap shot by Evander Kane.
5:01 of 3rd period - Stopped by Casey DeSmith with a rebound.
5:13 of 3rd period - Backhand shot by Evander Kane.
5:13 of 3rd period - Deflect By Joe Pavelski.
5:13 of 3rd period - Stopped by Casey DeSmith with a rebound.
5:15 of 3rd period - Snap shot by Evander Kane.
5:15 of 3rd period - Shot Misses the Net.
5:17 of 3rd period - Snap shot by Joe Pavelski.
5:17 of 3rd period - Shot Blocked by Artemi Panarin.
5:19 of 3rd period - Wrist shot by Evander Kane.
5:19 of 3rd period - Shot Misses the Net.
5:23 of 3rd period - Snap shot by Evander Kane.
5:23 of 3rd period - Shot Misses the Net.
5:25 of 3rd period - Slapshot by Jonas Brodin.
5:25 of 3rd period - Shot Misses the Net.
5:39 of 3rd period - Snap shot by Evander Kane.
5:39 of 3rd period - Shot Blocked by P.K. Subban.
5:41 of 3rd period - Slapshot by Jack Eichel.
5:41 of 3rd period - Goal by Jack Eichel - Vegas Golden Knights : 1 - St.Louis Blues : 4.
5:42 of 3rd period - Elias Pettersson wins face-off versus Anthony Cirelli in neutral zone.
5:49 of 3rd period - Snap shot by Elias Pettersson.
5:49 of 3rd period - Shot Misses the Net.
5:51 of 3rd period - Backhand shot by Jake Guentzel.
5:51 of 3rd period - Shot Misses the Net.
5:53 of 3rd period - Slapshot by Alex Tuch.
5:53 of 3rd period - Shot Misses the Net.
6:09 of 3rd period - Brian Dumoulin is hit by Alex Pietrangelo and loses puck.
6:54 of 3rd period - Marc Staal is hit by Jake Guentzel and loses puck.
7:32 of 3rd period - Slapshot by Danny DeKeyser.
7:32 of 3rd period - Stopped by Casey DeSmith with a rebound.
7:34 of 3rd period - Slapshot by Colton Parayko.
7:34 of 3rd period - Shot Blocked by Marc Staal.
7:38 of 3rd period - Wrist shot by Tage Thompson.
7:38 of 3rd period - Shot Misses the Net.
7:40 of 3rd period - Backhand shot by Tage Thompson.
7:40 of 3rd period - Shot Misses the Net.
7:50 of 3rd period - Marc Staal is hit by Elias Pettersson and loses puck.
8:23 of 3rd period - Wrist shot by Alex DeBrincat.
8:23 of 3rd period - Stopped by Casey DeSmith without a rebound.
8:24 of 3rd period - Robert Thomas wins face-off versus Vladislav Namestnikov in Vegas Golden Knights zone.
8:29 of 3rd period - Wrist shot by Tage Thompson.
8:29 of 3rd period - Stopped by Casey DeSmith with a rebound.
8:31 of 3rd period - Slapshot by Jonas Brodin.
8:31 of 3rd period - Shot Misses the Net.
8:37 of 3rd period - Slapshot by Tage Thompson.
8:37 of 3rd period - Shot Misses the Net.
8:39 of 3rd period - Snap shot by Tage Thompson.
8:39 of 3rd period - Stopped by Casey DeSmith without a rebound.
8:40 of 3rd period - Elias Pettersson wins face-off versus Anthony Cirelli in Vegas Golden Knights zone.
8:45 of 3rd period - Wrist shot by Jake Guentzel.
8:45 of 3rd period - Shot Blocked by Rickard Rakell.
9:01 of 3rd period - Brian Dumoulin is hit by Jake Guentzel and loses puck.
9:12 of 3rd period - Snap shot by Anthony Cirelli.
9:12 of 3rd period - Shot Blocked by Elias Pettersson.
9:14 of 3rd period - Slapshot by Rickard Rakell.
9:14 of 3rd period - Shot Misses the Net.
9:16 of 3rd period - Slapshot by Brian Dumoulin.
9:16 of 3rd period - Stopped by Frederik Andersen with a rebound.
9:18 of 3rd period - Slapshot by Brian Dumoulin.
9:18 of 3rd period - Stopped by Frederik Andersen without a rebound.
9:19 of 3rd period - Jordan Staal wins face-off versus Robert Thomas in St.Louis Blues zone.
9:37 of 3rd period - Minor Penalty to Tom Wilson for High sticking.
9:38 of 3rd period - Robert Thomas wins face-off versus Jordan Staal in Vegas Golden Knights zone.
10:15 of 3rd period - Jaden Schwartz is hit by Evander Kane and loses puck.
10:57 of 3rd period - Elias Pettersson is hit by Marc Staal and loses puck.
11:37 of 3rd period - Penalty to Tom Wilson is over, Tom Wilson is back on ice.
12:01 of 3rd period - Frederick Gaudreau is hit by Rickard Rakell and loses puck.
12:28 of 3rd period - Joe Pavelski is hit by Zach Parise.
15:46 of 3rd period - Jonas Brodin is hit by Marc-Edouard Vlasic.
16:28 of 3rd period - John Marino is hit by Tage Thompson.
16:58 of 3rd period - Wrist shot by Danny DeKeyser.
16:58 of 3rd period - Deflect By Elias Pettersson.
16:58 of 3rd period - Shot Misses the Net.
16:58 of 3rd period - Puck is out of play.
16:59 of 3rd period - Jordan Staal wins face-off versus Elias Pettersson in Vegas Golden Knights zone.
16:59 of 3rd period - Jordan Staal is hit by Jake Guentzel.
17:50 of 3rd period - Minor Penalty to Alex Pietrangelo for Holding.
17:51 of 3rd period - Frederick Gaudreau wins face-off versus Anthony Cirelli in St.Louis Blues zone.
18:03 of 3rd period - Snap shot by Tom Wilson.
18:03 of 3rd period - Deflect By Artemi Panarin.
18:03 of 3rd period - Stopped by Frederik Andersen with a rebound.
18:05 of 3rd period - Slapshot by Anthony Cirelli.
18:05 of 3rd period - Shot Misses the Net.
18:39 of 3rd period - Wrist shot by Robert Thomas.
18:39 of 3rd period - Shot Misses the Net.
19:50 of 3rd period - Penalty to Alex Pietrangelo is over, Alex Pietrangelo is back on ice.
Goals for this period are 0 for Vegas Golden Knights vs 1 for St.Louis Blues.
Shots for this period are 4 for Vegas Golden Knights vs 8 for St.Louis Blues.
Back to the Top